 Dungeon Crawl Stone Soup version 0.31.0-9-g3a7656b989 (webtiles) character file.

Game seed: 4323665022993340005

130 qw the Skirmisher (level 4, -3/25 HPs)
             Began as a Deep Elf Hunter on Feb 2, 2024.
             Succumbed to a gnoll's poison
             ... on level 3 of the Dungeon.
             The game lasted 00:00:06 (1866 turns).

qw the Skirmisher (Deep Elf Hunter)                 Turns: 1866, Time: 00:00:07

Health: -3/25      AC:  8    Str: 10    XL:     4   Next: 89%
Magic:  6/6        EV: 11    Int: 14    God:
Gold:   200        SH:  0    Dex: 18    Spells: 3/3 levels left

rFire   . . .        a - +0 shortbow
rCold   . . .        (shield currently unavailable)
rNeg    . . .        k - +0 ring mail
rPois   .            (no helmet)
rElec   .            (no cloak)
rCorr   .            d - +2 pair of gloves
SInv    .            (no boots)
Will    .....        (no amulet)
Stlth   +            (no ring)
HPRegen 0.24/turn    (no ring)
MPRegen 0.10/turn

%: no passive effects
@: lethally poisoned (-3 -> -20)
A: no striking features
a: no special abilities


You were on level 3 of the Dungeon.
You visited 1 branch of the dungeon, and saw 3 of its levels.

You collected 200 gold pieces.


   Skills:
 - Level 1.5 Fighting
 + Level 8.3 Ranged Weapons
 - Level 2.4 Dodging
 - Level 1.2 Stealth


You had 3 spell levels left.
You didn't know any spells.
Your spell library was empty.

Inventory:

Hand Weapons
 a - a +0 shortbow (weapon)
Armour
 d - a +2 pair of gloves (worn)
 k - a +0 ring mail (worn)
Scrolls
 b - a scroll of identify
Potions
 e - a potion of curing {unknown}

Dungeon Overview and Level Annotations

Branches:
Dungeon (3/15)

Altars:

Shops:
D:1 *


Message History

You shoot an arrow.
The arrow hits the gnoll but does no damage.
A gnoll comes into view. It is wielding a +0 halberd of venom.
You shoot an arrow. The arrow barely misses the gnoll.
The gnoll hits you with a +0 flail!
You shoot an arrow. The arrow closely misses the gnoll.
You shoot an arrow. The arrow hits the gnoll.
The gnoll is moderately wounded.
The gnoll hits you with a +0 flail.
You shoot an arrow. The arrow barely misses the gnoll.
The gnoll misses you. The gnoll barely misses you.
You shoot an arrow. The arrow barely misses the gnoll.
The gnoll barely misses you. x2
You shoot an arrow. The arrow hits the gnoll.
The gnoll is severely wounded.
The gnoll misses you. The gnoll closely misses you. x2
You shoot an arrow. The arrow hits the gnoll.
You kill the gnoll!
The gnoll hits you with a +0 whip. The gnoll barely misses you.
You shoot an arrow. The arrow barely misses the gnoll.
The gnoll closely misses you. x2
The gnoll hits you from afar with a +0 halberd of venom!
You are lethally poisoned!
The gnoll hits you with a +0 whip.
1862 ||| DRINKING potion of heal wounds.
You feel much better.
You feel very sick. The gnoll hits you with a +0 whip.
The gnoll closely misses you.
You shoot an arrow. The arrow barely misses the gnoll.
You feel very sick. The gnoll closely misses you. x2
You shoot an arrow. The arrow hits the gnoll!
The gnoll is heavily wounded.
You feel sick. The gnoll hits you with a +0 whip. The gnoll closely misses you.
You shoot an arrow. The arrow completely misses the gnoll.
You feel sick. The gnoll barely misses you.
The gnoll hits you from afar with a +0 halberd of venom!
You are more poisoned.
You shoot an arrow. The arrow closely misses the gnoll.
You die...

..##.##...# #.
######.##....%..
#.##...##.##.##....
#.#.....#.##.##....
#)#......%...##....
#)#.....#.#####...#
#g##...##.# ##.##
#g###.###.# #..
#)@.......# #..
.........#######
#... #.########


You could see 2 gnolls.

Vanquished Creatures
  2 gnolls (D:3)
  6 adders
  2 dart slugs
  5 ball pythons
  4 endoplasms
  A giant cockroach (D:2)
  4 hobgoblins
  3 quokkas
  6 bats
  3 frilled lizards (D:2)
  5 goblins
  10 kobolds
  3 rats
54 creatures vanquished.

Notes
Turn   | Place    | Note
-------+----------+-------------------------------------------
     0 | D:1      | qw the Deep Elf Hunter began the quest for the Orb.
     0 | D:1      | Reached XP level 1. HP: 12/12 MP: 3/3
     0 | D:1      | 0 ||| qw: Version: 0.3-a-155-g5e7d8dd
     0 | D:1      | 0 ||| qw: Game counter: 1413
     0 | D:1      | 0 ||| qw: Melee chars always use a shield: true
     0 | D:1      | 0 ||| qw: God list: Okawaru
     0 | D:1      | 0 ||| qw: Allow faded altars: false
     0 | D:1      | 0 ||| qw: Do Orc after clearing Dungeon:15 true
     0 | D:1      | 0 ||| qw: Do second Lair branch before Depths: true
     0 | D:1      | 0 ||| qw: Lair rune preference: random
     0 | D:1      | 0 ||| qw: Goals: Normal
     0 | D:1      | 0 ||| PLANNING D:1-11
    94 | D:1      | Found Josapeq's Assorted Antiques.
   100 | D:1      | 100 ||| SHOPLISTING fuming dark potion (15 gold, have 8).
   100 | D:1      | 100 ||| SHOPLISTING purple potion (15 gold, have 8).
   100 | D:1      | 100 ||| SHOPLISTING scroll labelled GOTHRE RYLOTZ (17 gold,
                  | have 8).
   100 | D:1      | 100 ||| SHOPLISTING scroll labelled KUOGUC RICZUMA (17
                  | gold, have 8).
   100 | D:1      | 100 ||| SHOPLISTING scroll labelled UGRIBE QUJOANK (17
                  | gold, have 8).
   198 | D:1      | Reached XP level 2. HP: 16/16 MP: 4/4
   201 | D:1      | Reached skill level 6 in Ranged Weapons
   600 | D:1      | 600 ||| UPGRADING to +0 pair of gloves.
   605 | D:1      | 605 ||| UPGRADING to +0 ring mail.
   615 | D:1      | 615 ||| DROPPING +0 leather armour.
   616 | D:1      | 616 ||| READING 2 scrolls labelled POOXU XITUUHUDO.
   616 | D:1      | 616 ||| IDENTIFYING bubbling amethyst potion
   617 | D:1      | 617 ||| READING scroll of identify.
   617 | D:1      | 617 ||| IDENTIFYING bubbling silvery potion
   618 | D:1      | 618 ||| READING scroll labelled JELUAN UGOHATA.
   619 | D:1      | 619 ||| READING 3 scrolls labelled INUESU NAWAUF.
   620 | D:1      | 620 ||| READING 2 scrolls labelled LINOME BEAQE.
   621 | D:1      | 621 ||| READING scroll labelled JELUUS VUNOL.
   622 | D:1      | 622 ||| READING scroll labelled EMAIFIV APAZU.
   723 | D:1      | 723 ||| DROPPING scroll of butterflies.
   724 | D:1      | 724 ||| DROPPING 2 scrolls of poison.
   725 | D:1      | 725 ||| DROPPING scroll of noise.
   726 | D:1      | 726 ||| DROPPING potion of brilliance.
   727 | D:1      | 727 ||| DROPPING potion of lignification.
   757 | D:2      | Found a faded altar of an unknown god.
   916 | D:2      | Reached XP level 3. HP: 9/20 MP: 5/5
  1113 | D:2      | Reached skill level 7 in Ranged Weapons
  1613 | D:2      | 1613 ||| UPGRADING to +2 pair of gloves.
  1623 | D:2      | 1623 ||| DROPPING +0 pair of gloves.
  1624 | D:2      | 1624 ||| READING 2 scrolls of identify.
  1624 | D:2      | 1624 ||| IDENTIFYING clear potion
  1657 | D:3      | Reached XP level 4. HP: 25/25 MP: 6/6
  1787 | D:3      | Reached skill level 8 in Ranged Weapons
  1861 | D:3      | HP: 6/25 [gnoll/+0 halberd of venom (7)]
  1861 | D:3      | HP: 1/25 [gnoll/+0 whip (5)]
  1862 | D:3      | 1862 ||| DRINKING potion of heal wounds.
  1866 | D:3      | Succumbed to a gnoll's poison

Levels and vault maps discovered:
D:1:      reono_arrival_forest_river, layout_loops_ring, serial_shops, shop,
          chequers_decorated_corner
D:2:      minmay_thinvault, layout_basic, nicolae_ecumenical_pavilion,
          minmay_misc_feat_columns, minmay_misc_feat_five, lemuel_flame_loot_1
D:3:      layout_loops_corners, ebering_ghost_rock_garden, serial_bayou_pond_c,
          nrook_mini_backslash, minmay_misc_feat_enclosed,
          kennysheep_big_empty_room, nicolae_half_adder

Skill      XL: |  1  2  3  4 |
---------------+-------------+-----
Ranged Weapons | 6 7 8 |  8.3
Fighting       | |  1.5
Dodging        | |  2.4
Stealth        | |  1.2

Action                     |  1- 3 |  4- 6 || total
---------------------------+-------+-------++-------
   Fire: Shortbow          |   120 |    49 ||   169
    Use: Scroll            |     8 |       ||     8
         Potion            |       |     1 ||     1
 Armour: Leather armour    |     5 |       ||     5
         Ring mail         |    23 |    24 ||    47
  Dodge: Dodged            |    36 |    23 ||    59

Table legend:
 A = Non-vault XP
 B = Vault XP
 C = Vault XP percentage of total XP
 D = Non-vault monster count
 E = Vault monster count
 F = Vault count percentage of total count
                 A         B        C        D         E       F
            +---------+---------+-------+---------+---------+-------
      Total |     104 |      82 |  44.1 |      39 |      15 |  27.8
            +---------+---------+-------+---------+---------+-------
        D:1 |      29 |       0 |   0.0 |      18 |       0 |   0.0
        D:2 |      38 |      29 |  43.3 |      15 |      11 |  42.3
        D:3 |      37 |      53 |  58.9 |       6 |       4 |  40.0
            +---------+---------+-------+---------+---------+-------
